 Dungeon Crawl Stone Soup version 0.23.2-1-ga50397a (webtiles) character file.

Game seed: 9677870771416576815

1635810 bmj180 the Axe Maniac (level 27, 245/245 HPs)
             Began as a Hill Orc Abyssal Knight on June 1, 2019.
             Was the Champion of Lugonu.
             Escaped with the Orb
             ... and 3 runes on June 2, 2019!
             The game lasted 05:14:45 (84659 turns).

bmj180 the Axe Maniac (Hill Orc Abyssal Knight)    Turns: 84659, Time: 05:14:45

Health: 245/245    AC: 43    Str: 33    XL:     27
Magic:  42/42      EV: 26    Int: 14    God:    Lugonu [******]
Gold:   2924       SH: 35    Dex: 19    Spells: 26/26 levels left

rFire    + + +     SeeInvis +   a - +9 broad axe of Jocken {chop, rF+}
rCold    + + .     Gourm    .   S - +6 large shield {rC+}
rNeg     + + .     Faith    .   G - +10 storm dragon scales
rPois    +         Spirit   +   C - +2 hat of the Albatross {-Cast MR+ Str-4 Slay+6}
rElec    +         Reflect  .   F - +2 cloak {MR+}
rCorr    +         Harm     .   s - +2 pair of gloves {Str+3}
MR       ++++.     NoCast   +   T - +0 pair of boots of Integrity {rPois Regen+ rCorr}
Stlth    +.........             O - amulet "Ceeh" {Spirit rN+ Str+4}
HPRegen  0.90/turn              W - ring of the Moon {*Contam rF+ rN+ MP+9 Str+5}
MPRegen  0.28/turn              M - ring "Hulie" {rF+ rC+ Str+4 Dex+2 SInv}

@: no status effects
A: repulsion field 1, thin metallic scales 1, clever 1, frail 1, shaggy fur 1,
wild magic 1
0: Orb of Zot
}: 3/15 runes: serpentine, barnacled, silver
a: Depart the Abyss, Bend Space, Banish, Corrupt, Enter the Abyss, Renounce
Religion


You escaped.
You worshipped Lugonu.
Lugonu was exalted by your worship.
You were not hungry.

You visited 11 branches of the dungeon, and saw 53 of its levels.
You visited the Abyss 2 times.
You visited 1 bazaar.
You also visited: Gauntlet, Ice Cave, Volcano and Desolation.

You collected 8177 gold pieces.
You spent 5253 gold pieces at shops.

Inventory:

Hand Weapons
 a - the +9 broad axe of Jocken (weapon) {chop, rF+}
   (You found it in the Desolation of Salt)

   It inflicts extra damage upon your enemies.
   It protects you from fire.
 b - a +9 broad axe of distortion
 c - a +9 broad axe of flaming
 Z - the +7 battleaxe "Eturouw" {chop, rN+ MR+ SInv}
   (You took it off a deep elf sorcerer on level 3 of the Elven Halls)

   It inflicts extra damage upon your enemies.
   It protects you from negative energy.
   It affects your resistance to hostile enchantments.
   It lets you see invisible.
Missiles
 f - 5 tomahawks of returning (quivered)
Armour
 s - a +2 pair of gloves of strength (worn)
 C - the +2 hat of the Albatross (worn) {-Cast MR+ Str-4 Slay+6}
   (You found it in a Gauntlet)

   It affects your strength (-4).
   It affects your accuracy and damage with ranged weapons and melee attacks
   (+6).
   It affects your resistance to hostile enchantments.
   It prevents spellcasting.
 F - a +2 cloak of magic resistance (worn)
 G - +10 storm dragon scales (worn)
 S - a +6 large shield of cold resistance (worn)
 T - the +0 pair of boots of Integrity (worn) {rPois Regen+ rCorr}
   (You bought it in a shop on level 2 of the Orcish Mines)

   It protects you from poison.
   It increases your rate of regeneration.
   It provides partial protection from all sources of acid and corrosion.
 V - a +2 buckler of reflection
 Y - a +1 pair of boots of running
Jewellery
 M - the ring "Hulie" (right hand) {rF+ rC+ Str+4 Dex+2 SInv}
   (You took it off a deep elf annihilator on level 3 of the Elven Halls)

   [ring of see invisible]

   It affects your strength (+4).
   It affects your dexterity (+2).
   It protects you from fire.
   It protects you from cold.
   It lets you see invisible.
 O - the amulet "Ceeh" (around neck) {Spirit rN+ Str+4}
   (You found it on level 7 of the Dungeon)

   [amulet of guardian spirit]

   It causes incoming damage to be split between your health and magic.
   It affects your strength (+4).
   It protects you from negative energy.
 W - the ring of the Moon (left hand) {*Contam rF+ rN+ MP+9 Str+5}
   (You took it off a minotaur in a Gauntlet)

   [ring of magical power]

   It affects your strength (+5).
   It protects you from fire.
   It protects you from negative energy.
   It affects your magic capacity (+9).
   It causes magical contamination when unequipped.
Wands
 l - a wand of acid (13)
 w - a wand of iceblast (11)
 z - a wand of digging (1)
 K - a wand of clouds (7)
 L - a wand of disintegration (16)
 P - a wand of paralysis (11)
Scrolls
 i - 14 scrolls of identify
 k - 25 scrolls of remove curse
 p - a scroll of enchant weapon
 q - 12 scrolls of fog
 u - 3 scrolls of summoning
 x - 8 scrolls of blinking
 B - 2 scrolls of magic mapping
 E - 3 scrolls of silence
 H - 32 scrolls of teleportation
 J - 6 scrolls of holy word
 N - 9 scrolls of fear
Potions
 g - 3 potions of resistance
 h - 4 potions of berserk rage
 m - 11 potions of flight
 n - 2 potions of might
 r - 3 potions of mutation
 A - 2 potions of cancellation
 I - 16 potions of curing
 U - 9 potions of heal wounds
 X - 2 potions of agility
Miscellaneous
 d - a lightning rod (4/4)
 o - 5 boxes of beasts
 t - a fan of gales
 y - 4 phantom mirrors
 D - 5 sacks of spiders
 Q - a phial of floods
 R - a lamp of fire
Comestibles
 e - 53 rations


   Skills:
 O Level 27 Fighting
 O Level 27 Axes
 + Level 19.6 Armour
 * Level 18.6 Dodging
 + Level 13.2 Stealth
 O Level 27 Shields
 + Level 14.3 Invocations
 + Level 6.3 Evocations


You had 26 spell levels left.
You didn't know any spells.
Your spell library contained the following spells:

 Spells                   Type           Power        Failure   Level  Hunger
 Animate Skeleton         Necr           N/A          65%         1    ##.....
 Apportation              Tloc           #.....       65%         1    ##.....
 Confusing Touch          Hex            #.....       65%         1    ##.....
 Flame Tongue             Conj/Fire      #....        65%         1    ##.....
 Infusion                 Chrm           #...         65%         1    ##.....
 Magic Dart               Conj           #...         65%         1    ##.....
 Pain                     Necr           #...         65%         1    ##.....
 Sandblast                Erth           #.....       65%         1    ##.....
 Shock                    Conj/Air       #...         65%         1    ##.....
 Sting                    Conj/Pois      #...         65%         1    ##.....
 Summon Small Mammal      Summ           #...         65%         1    ##.....
 Blink                    Tloc           N/A          78%         2    ###....
 Call Imp                 Summ           #.......     78%         2    ###....
 Corpse Rot               Necr           N/A          78%         2    ###....
 Passwall                 Tmut/Erth      #.......     78%         2    ###....
 Poisonous Vapours        Pois/Air       #.....       78%         2    ###....
 Searing Ray              Conj           #.....       78%         2    ###....
 Shroud of Golubria       Chrm/Tloc      #.........   78%         2    ###....
 Slow                     Hex            #.......     78%         2    ###....
 Song of Slaying          Chrm           #.......     78%         2    ###....
 Sublimation of Blood     Necr           #.........   78%         2    ###....
 Swiftness                Chrm/Air       #.......     78%         2    ###....
 Throw Flame              Conj/Fire      #.....       78%         2    ###....
 Conjure Flame            Conj/Fire      #.......     95%         3    ####...
 Dazzling Spray           Conj/Hex       #.....       95%         3    ####...
 Gell's Gravitas          Tloc           #.........   95%         3    ####...
 Ignite Poison            Fire/Tmut/Pois #.......     95%         3    ####...
 Inner Flame              Hex/Fire       #.......     95%         3    ####...
 Lesser Beckoning         Tloc           #.........   95%         3    ####...
 Mephitic Cloud           Conj/Pois/Air  #.......     95%         3    ####...
 Portal Projectile        Hex/Tloc       #.....       95%         3    ####...
 Regeneration             Chrm/Necr      #.........   95%         3    ####...
 Spectral Weapon          Hex/Chrm       #.......     95%         3    ####...
 Spider Form              Tmut/Pois      #.........   95%         3    ####...
 Static Discharge         Conj/Air       #.......     95%         3    ####...
 Stone Arrow              Conj/Erth      #.....       95%         3    ####...
 Teleport Other           Tloc           #.......     95%         3    ####...
 Vampiric Draining        Necr           #.........   95%         3    ####...
 Airstrike                Air            #.........   100%        4    #####..
 Animate Dead             Necr           N/A          100%        4    #####..
 Cause Fear               Hex            #.........   100%        4    #####..
 Force Lance              Conj/Tloc      #.......     100%        4    #####..
 Fulminant Prism          Conj/Hex       #.........   100%        4    #####..
 Iskenderun's Mystic Bla  Conj           #.......     100%        4    #####..
 Leda's Liquefaction      Hex/Erth       #.........   100%        4    #####..
 Olgreb's Toxic Radiance  Pois           #.......     100%        4    #####..
 Petrify                  Tmut/Erth      #.......     100%        4    #####..
 Sticky Flame             Conj/Fire      #.......     100%        4    #####..
 Summon Lightning Spire   Summ/Air       #.......     100%        4    #####..
 Throw Icicle             Conj/Ice       #.......     100%        4    #####..
 Alistair's Intoxication  Tmut/Pois      #.......     100%        5    ######.
 Bolt of Magma            Conj/Fire/Erth #.........   100%        5    ######.
 Excruciating Wounds      Chrm/Necr      #.........   100%        5    ######.
 Fireball                 Conj/Fire      #.........   100%        5    ######.
 Irradiate                Conj/Tmut      #.........   100%        5    ######.
 Lee's Rapid Deconstruct  Erth           #.........   100%        5    ######.
 Lightning Bolt           Conj/Air       #.........   100%        5    ######.
 Silence                  Hex/Air        #.........   100%        5    ######.
 Summon Forest            Summ/Tloc      #.........   100%        5    ######.
 Venom Bolt               Conj/Pois      #.........   100%        5    ######.
 Yara's Violent Unravell  Hex/Tmut       #.........   100%        5    ######.
 Conjure Ball Lightning   Conj/Air       #.........   100%        6    #######
 Death Channel            Necr           #.........   100%        6    #######
 Deflect Missiles         Chrm/Air       #.........   100%        6    #######
 Freezing Cloud           Conj/Ice/Air   #.........   100%        6    #######
 Hydra Form               Tmut           #.........   100%        6    #######
 Iron Shot                Conj/Erth      #.........   100%        6    #######
 Statue Form              Tmut/Erth      #........    100%        6    #######
 Ring of Flames           Chrm/Fire      #.........   100%        7    #######
 Summon Hydra             Summ           #.........   100%        7    #######
 Borgnjor's Revivificati  Necr           #.........   100%        8    #######
 Controlled Blink         Tloc           N/A          100%        8    #######
 Discord                  Hex            #.........   100%        8    #######
 Shatter                  Erth           #.........   100%        9    #######
 Tornado                  Air            #.........   100%        9    #######
 Passage of Golubria      Tloc           Unusable     N/A         4    N/A

Dungeon Overview and Level Annotations

Branches:
Dungeon (15/15)            Temple (1/1) D:7            Lair (6/6) D:11
 Shoals (4/4) Lair:4        Snake (4/4) Lair:4        Slime (0/5) Lair:5
    Orc (2/2) D:9             Elf (3/3) Orc:2        Vaults (5/5) D:14
  Crypt (3/3) Vaults:2       Tomb (0/3) Crypt:3      Depths (5/5) D:15
    Zot (5/5) Depths:5

Altars:
Ashenzari
Cheibriados
Dithmenos
Elyvilon
Fedhas
Gozag
Hepliaklqana
Kikubaaqudgha
Makhleb
Nemelex Xobeh
Okawaru
Qazlal
Ru
Sif Muna
Trog
Uskayaw
Vehumet
Wu Jian
Xom
Yredelemnul
Zin
The Shining One
Beogh
Jiyva
Lugonu

Shops:
D:8 :   D:9 *   Orc:1 [   Orc:2 :([([   Elf:2 }   Shoals:2 %   Snake:2 ?
Vaults:2 *   Vaults:4 [   Vaults:5 ??%??[!%%   Depths:1 [(

Portals:
Hell: Depths:1 Depths:2 Depths:3 Depths:4 Depths:5
Abyss: Depths:1 Depths:4
Pandemonium: Depths:2 Depths:3 Depths:5
Ziggurat: Depths:2

Annotations:
Zot:3 exclusion: oklob plant
Zot:5 corrupted


Innate Abilities, Weirdness & Mutations

You are surrounded by a mild repulsion field. (EV +2)
You are partially covered in thin metallic scales. (AC +2)
Your mind is acute. (Int +2)
You are frail. (-10% HP)
You are covered in fur. (AC +1)
Your spells are a little harder to cast, but a little more powerful.


Message History

Where to? (* - list waypoints, Enter - D:1 @ (x,y), ? - help)
The golden eye is too close now for your liking.
You miss the golden eye. The golden eye blinks at you.
You resist with almost no effort.
You slice the golden eye!!
You kill the golden eye!
Lugonu accepts your kill.
(D) Dungeon (T) Temple (L) Lair (A) Shoals (P) Snake Pit (M) Slime Pits (O) Orcish Mines (E) Elven Halls (V) Vaults (C) Crypt (W) Tomb (U) Depths (H) Hell (Z) Zot
Where to? (* - list waypoints, Enter - D:1 @ (x,y), ? - help) Magic restored.
There is an open door here.
You open the door.
There is an open door here.
There is an open door here.
There is a staircase leading out of the dungeon here.
You have escaped!

#.#####..÷..##### #...#.## #.#
#..........# #...#.# #.#
##.......#'# #######...#.## #÷#
##...#.##.# #............# #.#
##.##.##'# #.######...... ##.##
####.##.# #...## ##....#
#...####### #.##'###>#..# #.#.##
#.#.......#####...#####.# #.#.#
#...####..'.'.'.@.'.'.'.# #.#.#
##### #.######...####### #.#÷#
###.####.##'##..# #.#.#
#.....##.##.##..## #.#.#
#.#.#.##..#'##...######.#.# #
#........##.####........#.# #
#.#.#.##.##'##...########.# #
#.)...##.##..#..## #.#
######.#.####.###....#########.#


There were no monsters in sight!

Vanquished Creatures
  A pandemonium lord (D:4)
  14 ancient liches
  5 orbs of fire
  Mara (Vaults:4)
  2 juggernauts (Depths:2)
  2 Killer Klowns (Zot:5)
  The ghost of Enoha the Warrior, an adept DrTm of Okawaru (Depths:1)
  Frederick (Vaults:4)
  4 curse toes
  Bai Suzhen (Snake:4)
  5 caustic shrikes
  Nikola (Depths:2)
  6 golden dragons
  The ghost of Ysowkad the Bludgeoner, a veteran GrFi of Cheibriados (Elf:2)
  2 electric golems (Zot:5)
  A shard shrike zombie (Crypt:1)
  6 liches
  3 titans (Vaults:5)
  A Tzitzimitl (D:2)
  21 tentacled monstrosities
  An Ice Fiend (Depths:2)
  2 deep elf blademasters (Elf:3)
  27 Orb Guardians
  Asterion (Elf:1)
  A kraken (Shoals:2)
  2 deep elf master archers (Elf:3)
  7 quicksilver dragons
  2 sphinxes
  An ancient champion (Crypt:1)
  5 death cobs
  Agnes (Snake:2)
  12 shadow dragons
  6 tengu reavers
  10 draconian monks
  A revenant (Crypt:3)
  13 fire giants
  22 storm dragons
  8 nagarajas
  14 vault wardens
  8 deep elf sorcerers
  3 draconian knights
  3 ghost moths
  6 draconian scorchers
  9 frost giants
  4 iron dragons
  Aizul (Snake:2)
  2 orc warlords
  2 imperial myrmidons (Desolation)
  4 draconian stormcallers
  A draconian shifter (Zot:3)
  4 deep elf elementalists
  2 curse skulls
  A reaper (D:6)
  3 spriggan defenders
  18 ghouls
  3 draconian annihilators (Zot:3)
  18 stone giants
  10 ironheart preservers
  9 vampire knights
  17 very ugly things
  A stone giant (shapeshifter) (Depths:4)
  3 entropy weavers
  Nessos (D:15)
  9 green draconians
  6 war gargoyles
  A minotaur (Gauntlet)
  14 spark wasps
  6 deep elf demonologists
  A dire elephant (D:15)
  A halazid warlock (Desolation)
  5 white draconians
  5 red draconians
  5 deep elf annihilators
  6 black draconians
  6 purple draconians
  7 yellow draconians
  7 deep elf death magi
  4 eidola
  21 ettins
  A merfolk javelineer (Shoals:4)
  6 jiangshi
  2 crystal guardians (Desolation)
  3 merfolk impalers (Shoals:4)
  2 deep elf high priests (Elf:3)
  8 fire dragons
  10 ragged hierophants (Desolation)
  A green death (D:7)
  7 death oozes (Depths:1)
  19 yaktaur captains
  13 ogre magi
  The ghost of Curus the Severer, a journeyman MiBe of Trog (Lair:2)
  7 great orbs of eyes
  9 hydras
  13 rakshasas
  10 servants of whispers (Desolation)
  16 ice dragons
  28 vault guards
  4 peacekeepers (Desolation)
  A spriggan air mage (Depths:2)
  16 naga warriors
  6 merfolk avatars
  2 alligator snapping turtles
  23 anacondas
  7 death knights
  11 centaur warriors
  28 dancing weapons
  8 death yaks
  A two-headed ogre (shapeshifter) (Vaults:5)
  4 satyrs
  2 tengu warriors (Depths:5)
  3 merfolk aquamancers (Shoals:4)
  14 deep troll earth magi
  5 spriggan berserkers
  24 two-headed ogres
  11 vampire magi
  2 orc high priests (Orc:2)
  2 thrashing horrors
  15 deep troll shamans
  11 naga sharpshooters
  A hell hog (Abyss:1)
  8 shock serpents
  14 deep elf knights
  Urug (D:12)
  18 hell knights
  2 soul eaters
  A fire crab (shapeshifter) (Depths:5)
  5 shadow wraiths
  15 iron trolls
  15 skeletal warriors
  6 salamander mystics
  3 sea snakes (shapeshifter)
  7 flayed ghosts
  A spectral death yak (Lair:2)
  A wretched star (Depths:4)
  14 starcursed masses
  22 sea snakes
  A swamp dragon (shapeshifter) (Vaults:2)
  A golden dragon zombie (Depths:1)
  A golden dragon skeleton (Crypt:3)
  A shadow demon (D:12)
  8 naga ritualists
  9 glowing orange brains
  4 unseen horrors
  34 deep trolls
  2 wizards (Vaults:2)
  15 deep elf archers
  Pikel (D:5)
  17 ironbrand convokers
  9 lindwurms
  A harpy (shapeshifter) (Vaults:4)
  A sphinx zombie (Vaults:5)
  10 necromancers
  27 harpies
  2 iron dragon zombies (Crypt:3)
  14 phantasmal warriors
  9 orc knights
  11 mana vipers
  A wolf spider zombie (Crypt:1)
  A stone giant zombie (Depths:1)
  3 orc sorcerers (Orc:2)
  23 fauns
  A cyclops (shapeshifter) (Depths:4)
  48 deep elf magi
  10 salamanders
  6 wolf spiders
  A faun (shapeshifter) (Depths:3)
  A fire giant zombie (Crypt:3)
  55 ugly things
  13 manticores
  A worldbinder (Abyss:1)
  A frost giant skeleton (Crypt:3)
  19 moths of wrath
  7 cyclopes
  5 elephants (Lair:4)
  46 black mambas
  15 guardian serpents
  3 oklob plants (Lair:5)
  10 merfolk sirens
  An ice statue (IceCv)
  A centaur zombie (D:14)
  An apocalypse crab (Depths:4)
  12 vault sentinels
  A black mamba (shapeshifter) (Vaults:5)
  A stone giant skeleton (Crypt:1)
  Psyche (D:9)
  A rust devil (Depths:1)
  11 fire giant skeletons
  A guardian serpent (shapeshifter) (Vaults:2)
  An orange demon (Abyss:1)
  28 naga magi
  8 water nymphs
  A toenail golem (Zot:4)
  4 molten gargoyles
  5 gargoyles
  2 human zombies (Vaults:5)
  10 spiny frogs
  8 torpor snails (Lair:6)
  A kobold demonologist (D:13)
  72 yaktaurs
  A hellion (Abyss:1)
  2 tormentors
  A minotaur zombie (Crypt:1)
  4 komodo dragons
  A rime drake (Lair:6)
  6 efreet
  7 freezing wraiths
  An iron troll skeleton (Crypt:1)
  5 hellwings (Abyss:1)
  2 trolls (shapeshifter)
  3 tengu conjurers
  19 merfolk
  8 wind drakes
  A queen bee (Lair:1)
  2 wind drakes (shapeshifter)
  8 trolls
  14 tyrant leeches (Lair:6)
  16 hornets
  A tyrant leech (shapeshifter) (Depths:4)
  28 polar bears
  A polar bear (shapeshifter) (Vaults:3)
  4 ettin zombies
  60 saltlings (Desolation)
  A shadow dragon simulacrum (Vaults:3)
  15 blink frogs
  A slime creature (shapeshifter) (Depths:2)
  Grinder (D:6)
  7 hippogriffs
  A hippogriff (shapeshifter) (Vaults:2)
  27 slime creatures
  7 large abominations
  2 harpy skeletons
  8 snapping turtles
  A raiju (shapeshifter) (Depths:4)
  A raiju (Lair:6)
  An alligator zombie (Crypt:1)
  2 bog bodies
  2 dream sheep (shapeshifter)
  A fire giant simulacrum (Vaults:3)
  2 stone giant simulacra
  A spectral black mamba (Lair:2)
  19 flying skulls
  2 air elementals (Elf:2)
  4 vampires (Crypt:3)
  2 ice dragon skeletons
  2 spriggans (shapeshifter)
  7 shadows
  A tarantella (Vaults:4)
  4 wyverns
  8 fire dragon skeletons
  13 wraiths
  A redback (Vaults:5)
  6 spriggans
  4 centaur simulacra
  Sigmund (D:3)
  63 yaks
  8 water elementals
  2 basilisks
  6 fire elementals
  2 hungry ghosts
  A hog (shapeshifter) (Depths:3)
  2 golden eyes (D:1)
  A neqoxec (Abyss:1)
  A steam dragon (D:8)
  A chaos spawn (Abyss:1)
  A death yak simulacrum (Lair:2)
  3 swamp worms (Lair:6)
  8 wargs
  A two-headed ogre zombie (Crypt:2)
  A soldier ant (D:14)
  A water moccasin (shapeshifter) (Depths:4)
  3 acid dragons
  A floating eye (Depths:2)
  14 hell hounds
  2 hydra simulacra (Lair:2)
  14 water moccasins
  An infernal demonspawn skeleton (Crypt:2)
  44 nagas
  33 orc warriors
  9 porcupines
  A spiny frog skeleton (Crypt:3)
  7 ice beasts
  A black bear (shapeshifter) (Depths:4)
  2 ettin simulacra
  3 sky beasts
  3 eyes of draining
  4 slaves (D:6)
  12 black bears
  A swamp dragon zombie (Crypt:1)
  41 wolves
  An elf zombie (Vaults:3)
  6 necrophages
  A spectral torpor snail (Lair:2)
  A swamp drake (shapeshifter) (Elf:3)
  10 boggarts
  2 phantoms
  39 ogres
  11 centaurs
  11 crocodiles
  A big kobold (D:11)
  5 small abominations (Abyss:1)
  2 gnoll sergeants
  A spiny frog simulacrum (Gauntlet)
  12 bullfrogs
  5 earth elementals
  2 water moccasin zombies
  2 wyvern skeletons
  5 scorpions
  A scorpion (shapeshifter) (Depths:4)
  16 wights
  35 killer bees
  3 human simulacra
  A polar bear skeleton (Crypt:2)
  3 howler monkeys
  6 electric eels
  10 crimson imps
  A torpor snail simulacrum (Lair:2)
  A wolf skeleton (Crypt:1)
  5 bullfrog skeletons
  A bullfrog zombie (D:5)
  11 hounds
  An iron imp (Depths:5)
  17 jellies
  25 orc priests
  29 orc wizards
  6 centaur skeletons
  2 iguanas
  13 worker ants
  A big kobold zombie (Crypt:2)
  8 ogre zombies (D:9)
  A crocodile zombie (Crypt:1)
  A hound skeleton (D:5)
  A howler monkey zombie (D:7)
  Robin (D:2)
  14 adders
  12 gnolls
  4 shadow imps
  3 oozes
  An adder skeleton (D:7)
  2 adder zombies
  A halfling skeleton (Crypt:2)
  A worm (D:3)
  6 leopard geckos
  87 orcs
  5 giant cockroaches
  11 goblins
  15 hobgoblins
  4 quokkas
  9 bats
  8 frilled lizards
  2 goblin zombies (D:9)
  A hobgoblin skeleton (D:9)
  3 hobgoblin zombies (D:9)
  8 kobolds
  A leopard gecko skeleton (D:7)
  20 orc zombies
  A quokka skeleton (D:8)
  A quokka zombie (D:7)
  6 rats
  A fire vortex (Volcano)
  15 fungi
  A pillar of salt (Elf:1)
  40 plants
  4 tentacles (Shoals:2)
2813 creatures vanquished.

Vanquished Creatures (others)
  A deep elf sorcerer (Elf:2)
  A deep elf elementalist (Elf:3)
  A yellow draconian (Zot:5)
  A tengu warrior (D:15)
  A deep elf knight (Elf:1)
  A necromancer (Depths:4)
  2 deep elf magi
  A vault sentinel (Vaults:3)
  A polar bear (Lair:6)
  A boggart (Vaults:1)
  3 bushes (Zot:3)
  A demonic plant (Gauntlet)
  A fire vortex (Volcano)
  20 fungi
  86 plants
  2 starspawn tentacles (Zot:5)
  4 tentacles (Shoals:2)
  14 withered plants (Gauntlet)
142 creatures vanquished.

Grand Total: 2955 creatures vanquished

Notes
Turn   | Place    | Note
-------+----------+-------------------------------------------
     0 | Abyss:1  | bmj180 the Hill Orc Abyssal Knight began the quest for the
                  | Orb.
     0 | Abyss:1  | Reached XP level 1. HP: 19/19 MP: 2/2
    41 | Abyss:1  | Noticed a glowing orange brain
   106 | Abyss:2  | Noticed a starcursed mass
   110 | Abyss:2  | Paralysed by accursed screaming for 1 turns
   113 | D:1      | Escaped the Abyss
   442 | D:1      | Reached * piety under Lugonu
   442 | D:1      | Reached XP level 2. HP: 26/27 MP: 3/3
   576 | D:1      | Reached skill level 1 in Dodging
   779 | D:1      | Reached XP level 3. HP: 23/33 MP: 5/5
  1548 | D:2      | Reached XP level 4. HP: 25/40 MP: 6/6
  1803 | D:2      | HP: 2/40 [poisoned by an adder]
  3036 | D:3      | Reached XP level 5. HP: 47/47 MP: 7/7
  3040 | D:3      | Noticed Robin
  3222 | D:2      | Killed Robin
  3265 | D:3      | Reached ** piety under Lugonu
  3533 | D:3      | Reached skill level 5 in Axes
  3699 | D:3      | Noticed Sigmund
  3704 | D:3      | Killed Sigmund
  3704 | D:3      | Reached XP level 6. HP: 46/53 MP: 8/8
  3957 | D:3      | Reached skill level 1 in Evocations
  4464 | D:4      | Reached XP level 7. HP: 54/60 MP: 9/9
  5072 | D:5      | Entered Level 5 of the Dungeon
  5440 | D:5      | Found a sparkling altar of Nemelex Xobeh.
  5500 | D:5      | Reached *** piety under Lugonu
  6072 | D:6      | Noticed Pikel
  6103 | D:5      | Reached XP level 8. HP: 54/67 MP: 11/11
  6860 | D:6      | Reached skill level 5 in Fighting
  6955 | D:6      | Noticed Grinder
  6960 | D:6      | Paralysed by Grinder for 4 turns
  6970 | D:6      | Killed Grinder
  7098 | D:6      | Found an ancient bone altar of Kikubaaqudgha.
  7105 | D:6      | Found a hide-covered altar of Uskayaw.
  7119 | D:6      | Found an ornate altar of the Wu Jian Council.
  7126 | D:6      | Found a shimmering altar of Xom.
  7226 | D:6      | Reached skill level 5 in Invocations
  8667 | D:6      | Reached skill level 10 in Axes
  8667 | D:6      | Reached XP level 9. HP: 31/74 MP: 13/13
  9005 | D:7      | Got a shimmering silver amulet
  9032 | D:7      | Identified the amulet "Ceeh" {Spirit rN+ Str+4} (You found
                  | it on level 7 of the Dungeon)
  9253 | D:7      | Reached skill level 5 in Armour
  9951 | D:7      | Reached **** piety under Lugonu
  9972 | D:7      | Found a staircase to the Ecumenical Temple.
  9979 | Temple   | Entered the Ecumenical Temple
 10600 | D:5      | Killed Pikel
 10600 | D:5      | Reached XP level 10. HP: 34/83 MP: 6/14
 11173 | D:8      | Found Dappalit's Book Shoppe.
 12196 | D:9      | Found Vocuiq's General Store.
 12283 | D:9      | Found a staircase to the Orcish Mines.
 12314 | D:9      | Reached ***** piety under Lugonu
 12623 | D:9      | Reached skill level 5 in Evocations
 12662 | D:9      | Reached XP level 11. HP: 82/92 MP: 13/16
 13006 | D:9      | Noticed Psyche
 13008 | D:9      | Paralysed by Psyche for 5 turns
 13014 | D:9      | Killed Psyche
 13164 | D:10     | Entered Level 10 of the Dungeon
 14254 | D:11     | Reached skill level 5 in Dodging
 14567 | D:11     | Found a staircase to the Lair.
 14857 | D:11     | Reached skill level 15 in Axes
 15149 | D:11     | Found a deep blue altar of Sif Muna.
 15301 | Lair:1   | Entered Level 1 of the Lair of Beasts
 15492 | Lair:1   | Reached ****** piety under Lugonu
 15771 | Lair:1   | Noticed a seven-headed hydra
 15793 | Lair:1   | Killed an eight-headed hydra
 15793 | Lair:1   | Reached XP level 12. HP: 70/103 MP: 14/19
 16047 | Lair:1   | Got a steaming shortbow
 16941 | Lair:2   | Found a runed translucent gate.
 16943 | Lair:2   | Found a runed translucent gate.
 16948 | Lair:2   | Reached skill level 10 in Invocations
 16955 | Lair:2   | Found a runed translucent gate.
 16956 | Lair:2   | Noticed Curus's ghost (journeyman MiBe)
 17243 | Lair:2   | Noticed a four-headed hydra
 17255 | Lair:2   | Killed a four-headed hydra
 18157 | Lair:3   | Noticed a five-headed hydra
 18160 | Lair:3   | Killed a five-headed hydra
 18330 | Lair:3   | Noticed a four-headed hydra
 18334 | Lair:3   | Killed a four-headed hydra
 18516 | Lair:3   | Noticed a four-headed hydra
 18522 | Lair:3   | Killed a four-headed hydra
 18522 | Lair:3   | Reached XP level 13. HP: 112/112 MP: 20/20
 19320 | Lair:4   | Found a dark tunnel.
 19328 | Volcano  | Entered a volcano
 19401 | Volcano  | Reached skill level 10 in Fighting
 20107 | Lair:4   | Found a staircase to the Shoals.
 20337 | Lair:4   | Found a staircase to the Snake Pit.
 22269 | Lair:5   | Reached XP level 14. HP: 87/122 MP: 16/23
 22449 | Lair:5   | Found a staircase to the Slime Pits.
 23049 | Lair:6   | Entered Level 6 of the Lair of Beasts
 23136 | Lair:6   | Found a frozen archway.
 23351 | IceCv    | Entered an ice cave
 24655 | IceCv    | Noticed a frost giant
 24672 | IceCv    | Killed a frost giant
 25905 | Lair:6   | Reached skill level 10 in Armour
 27492 | Lair:6   | Reached XP level 15. HP: 125/132 MP: 22/24
 28011 | Lair:6   | Found a runed translucent door.
 28857 | Lair:2   | Killed Curus's ghost
 29427 | D:12     | Noticed Urug
 29439 | D:12     | Killed Urug
 29855 | Orc:1    | Entered Level 1 of the Orcish Mines
 30034 | Orc:1    | Found Feimis's Armour Shop.
 30042 | Orc:1    | Bought a +2 helmet of see invisible for 279 gold pieces
 30184 | Orc:1    | Found an iron altar of Okawaru.
 30280 | Orc:1    | Found a burning altar of Makhleb.
 30352 | Orc:2    | Entered Level 2 of the Orcish Mines
 30714 | Orc:2    | Found a roughly hewn altar of Beogh.
 30734 | Orc:2    | Found Zityfill's Armour Shoppe.
 30811 | Orc:2    | Found a roughly hewn altar of Beogh.
 30992 | Orc:2    | Noticed an orc warlord
 31030 | Orc:2    | Found Naucs's Book Shoppe.
 31033 | Orc:2    | Found a roughly hewn altar of Beogh.
 31108 | Orc:2    | Identified the cursed +2 scimitar of Uphieplu {flame, Str+6
                  | Stlth+}
 31434 | Orc:2    | Found a staircase to the Elven Halls.
 31504 | Orc:2    | Found a roughly hewn altar of Beogh.
 31521 | Orc:2    | Found Ciwofin's Weapon Boutique.
 31627 | Orc:2    | Found a roughly hewn altar of Beogh.
 32139 | Orc:2    | Noticed an orc warlord
 32168 | Orc:1    | Killed an orc warlord
 32280 | Orc:2    | Found Sez Wiecs's Antique Armour Shop.
 32281 | Orc:2    | Found a roughly hewn altar of Beogh.
 32284 | Orc:2    | Found Cacah's Antique Weapon Boutique.
 32298 | Orc:2    | Bought a pair of dazzling boots for 294 gold pieces
 32310 | Orc:2    | Identified the +0 pair of boots of Integrity {rPois Regen+
                  | rCorr} (You bought it in a shop on level 2 of the Orcish
                  | Mines)
 32401 | Orc:2    | Killed an orc warlord
 32904 | D:13     | Found a gate leading to a gauntlet.
 32924 | Gauntlet | Entered a Gauntlet
 32924 | Gauntlet | Found a transporter.
 32924 | Gauntlet | Found a transporter.
 32929 | Gauntlet | Found a transporter.
 32944 | Gauntlet | Found a transporter.
 32966 | Gauntlet | Found a transporter.
 32973 | Gauntlet | Found a transporter.
 32990 | Gauntlet | Found a transporter.
 33058 | Gauntlet | Found a transporter.
 33072 | Gauntlet | Found a transporter.
 33086 | Gauntlet | Found a transporter.
 33099 | Gauntlet | Found a transporter.
 33184 | Gauntlet | Found a transporter.
 33185 | Gauntlet | Found a transporter.
 33211 | Gauntlet | Found a transporter.
 33211 | Gauntlet | Found a transporter.
 33220 | Gauntlet | Found a transporter.
 33444 | Gauntlet | Reached skill level 1 in Shields
 33467 | Gauntlet | Got a faintly humming hat
 33478 | Gauntlet | Identified the +2 hat of the Albatross {-Cast MR+ Str-4
                  | Slay+6} (You found it in a Gauntlet)
 33546 | Gauntlet | Identified the ring of the Moon {*Contam rF+ rN+ MP+9
                  | Str+5}
 33922 | D:13     | Reached XP level 16. HP: 145/145 MP: 26/26
 34171 | D:13     | Identified the +3 halberd "Daywk" {protect, rC+ Int+6
                  | Dex-4} (You found it on level 13 of the Dungeon)
 35416 | D:14     | Found a gate to the Vaults.
 35611 | D:15     | Entered Level 15 of the Dungeon
 36296 | D:15     | Noticed Nessos
 36304 | D:15     | Killed Nessos
 36304 | D:15     | Reached skill level 10 in Dodging
 36402 | D:15     | Found a staircase to the Depths.
 36846 | D:9      | Bought a potion of cancellation for 120 gold pieces
 36846 | D:9      | Bought a scroll of identify for 30 gold pieces
 36951 | Orc:2    | Bought a smoking chain mail for 294 gold pieces
 36954 | Orc:2    | Identified the cursed +0 chain mail of Subjectivity {rF-
                  | Int+4} (You bought it in a shop on level 2 of the Orcish
                  | Mines)
 37377 | D:11     | Identified a scroll of acquirement
 37489 | Snake:1  | Entered Level 1 of the Snake Pit
 37681 | Snake:1  | Reached skill level 5 in Shields
 38293 | Snake:2  | Noticed Agnes
 38318 | Snake:2  | Found Ohasiok's Magic Scroll Shop.
 38321 | Snake:2  | Noticed a nagaraja
 38330 | Snake:2  | Killed a nagaraja
 38501 | Snake:2  | Reached skill level 15 in Fighting
 38680 | Snake:2  | Killed Agnes
 38680 | Snake:2  | Reached XP level 17. HP: 53/156 MP: 19/27
 38826 | Snake:2  | Noticed Aizul
 38842 | Snake:2  | Killed Aizul
 40528 | Snake:3  | Found a sacrificial altar of Ru.
 41765 | Shoals:1 | Entered Level 1 of the Shoals
 42303 | Shoals:1 | Reached XP level 18. HP: 156/166 MP: 28/28
 43087 | Shoals:2 | Found Cik Hug's Food Shop.
 43696 | Shoals:3 | Reached skill level 10 in Shields
 44775 | Elf:1    | Entered Level 1 of the Elven Halls
 44795 | Elf:1    | Found a radiant altar of Vehumet.
 44900 | Elf:1    | Found a ruined gateway.
 44908 | Elf:1    | Noticed Asterion
 44919 | Elf:1    | Killed Asterion
 44952 | Desolati | Entered the Desolation of Salt
 45028 | Desolati | Got a faintly glowing tin ring
 45034 | Desolati | Identified the ring of Mutualism {-Tele rPois MR+ Int+3
                  | Dex+5} (You found it in the Desolation of Salt)
 45284 | Desolati | Identified the +1 leather armour of the Slug {rElec} (You
                  | found it in the Desolation of Salt)
 45357 | Desolati | Reached XP level 19. HP: 154/177 MP: 29/29
 45383 | Desolati | Identified the Guide on Intoxication
 45389 | Desolati | Got a scorched broad axe
 45390 | Desolati | Identified the +9 broad axe of Jocken {chop, rF+} (You
                  | found it in the Desolation of Salt)
 45502 | Desolati | Identified the +1 steam dragon scales of a wizard's
                  | laboratory {rElec}
 45547 | Desolati | Identified the Incunabulum of Combat Magic and
                  | Self-Knowledge
 45560 | Desolati | Identified the Almanac of Heat and Dislocation
 45600 | Desolati | Got a dazzling great mace
 46148 | Elf:1    | Identified the +11 great mace of Summer {flame, rF+} (You
                  | found it in the Desolation of Salt)
 47056 | Elf:1    | Identified the Tome of Blows and Bruises
 47502 | Elf:2    | Found a runed translucent gate.
 47502 | Elf:2    | Found a runed translucent gate.
 47504 | Elf:2    | Found a runed translucent gate.
 47511 | Elf:2    | Noticed Ysowkad's ghost (veteran GrFi)
 47651 | Elf:2    | Found a runed translucent gate.
 47651 | Elf:2    | Found a runed translucent gate.
 47651 | Elf:2    | Found a runed translucent gate.
 47788 | Elf:2    | Found Yjui's Gadget Shoppe.
 48092 | Elf:2    | Killed Ysowkad's ghost
 48817 | Elf:3    | Entered Level 3 of the Elven Halls
 49107 | Elf:3    | Reached XP level 20. HP: 177/189 MP: 30/30
 50046 | Elf:3    | Identified the ring "Hulie" {rF+ rC+ Str+4 Dex+2 SInv}
 50201 | Elf:3    | Identified the amulet "Vic Zom" {Spirit rC++ Int-5 Dex+2
                  | SInv}
 50247 | Elf:3    | Identified the +0 leather armour "Vus Vyal" {rF- Str+4
                  | SInv}
 50437 | Elf:3    | Identified the +7 battleaxe "Eturouw" {chop, rN+ MR+ SInv}
 50437 | Elf:3    | Identified the ring "Jajesm" {rPois Str+5 Stlth+}
 50439 | Elf:3    | Identified the +2 robe of Terror {-Tele rElec rC- rN+++}
 51354 | Elf:3    | Found the +10 Black Knight's horse barding {ponderous,
                  | rPois rN+}
 51813 | Snake:4  | Entered Level 4 of the Snake Pit
 51973 | Snake:4  | Reached skill level 1 in Stealth
 51992 | Snake:4  | Noticed Bai Suzhen
 52024 | Snake:4  | Killed Bai Suzhen
 53034 | Snake:4  | Reached skill level 15 in Shields
 53146 | Snake:4  | Reached skill level 15 in Armour
 53272 | Snake:4  | Reached XP level 21. HP: 199/199 MP: 31/31
 53387 | Snake:4  | Reached skill level 5 in Stealth
 53577 | Snake:4  | Got a serpentine rune of Zot
 54015 | Shoals:4 | Entered Level 4 of the Shoals
 54452 | Shoals:4 | Found the +12 Vampire's Tooth {vamp}
 54818 | Shoals:4 | Got a barnacled rune of Zot
 55407 | Vaults:1 | Entered Level 1 of the Vaults
 56866 | Vaults:2 | Found a staircase to the Crypt.
 57313 | Vaults:2 | Reached XP level 22. HP: 209/209 MP: 32/32
 57843 | Vaults:2 | Found Etoalo's General Store.
 58285 | Vaults:2 | Identified a +1 pair of boots of running (You found it on
                  | level 2 of the Vaults)
 59335 | Vaults:3 | Reached skill level 10 in Stealth
 60423 | Vaults:4 | Reached XP level 23. HP: 220/220 MP: 33/33
 61287 | Vaults:4 | Noticed Mara
 61292 | Vaults:4 | Killed Mara
 61442 | Vaults:4 | Found Takhyit's Armour Emporium.
 61498 | Vaults:4 | Bought a +1 pair of gloves of strength for 231 gold pieces
 61666 | Vaults:4 | Noticed Frederick
 61679 | Vaults:4 | Killed Frederick
 62026 | D:11     | Got a heavily runed crystal plate armour
 62027 | D:11     | Identified the +2 crystal plate armour of Creativity {rElec
                  | Str+2} (You acquired it on level 11 of the Dungeon)
 62269 | Crypt:1  | Entered Level 1 of the Crypt
 63804 | Crypt:2  | Reached XP level 24. HP: 231/231 MP: 33/33
 64215 | Crypt:3  | Entered Level 3 of the Crypt
 64582 | Crypt:3  | Identified the cursed +1 scythe "Leoroamu" {slice, *Drain
                  | +Blink rF+} (You found it on level 3 of the Crypt)
 64731 | Crypt:3  | Found a staircase to the Tomb.
 65113 | Crypt:3  | Identified Havvasesh's Collected Works on Black Arts
 65370 | Crypt:3  | Found an ancient bone altar of Kikubaaqudgha.
 65382 | Crypt:3  | Noticed an ancient lich
 65393 | Crypt:3  | Killed an ancient lich
 65468 | Crypt:3  | Noticed an ancient lich
 65477 | Crypt:3  | Killed an ancient lich
 65483 | Crypt:3  | Identified the +4 scythe "Killer Bee's Curse" {speed,
                  | +Blink +Fly MR+} (You found it on level 3 of the Crypt)
 66432 | Depths:1 | Entered Level 1 of the Depths
 66476 | Depths:1 | Found a runed translucent gate.
 66573 | Depths:1 | Found Papsyr's Weapon Shop.
 66573 | Depths:1 | Found Keru's Armour Boutique.
 66732 | Depths:1 | Found a one-way gate to the infinite horrors of the Abyss.
 66794 | Depths:1 | Found a gateway to Hell.
 66954 | Depths:1 | Found a runed translucent gate.
 66954 | Depths:1 | Noticed Enoha's ghost (adept DrTm)
 66955 | Depths:1 | Found a runed translucent gate.
 66956 | Depths:1 | Found a viscous altar of Jiyva.
 67671 | Depths:1 | Killed Enoha's ghost
 67935 | Depths:2 | Found a shattered altar of Ashenzari.
 67935 | Depths:2 | Noticed a caustic shrike
 67935 | Depths:2 | Noticed a caustic shrike
 67941 | Depths:2 | Killed a caustic shrike
 67943 | Depths:2 | Killed a caustic shrike
 68069 | Depths:2 | Reached XP level 25. HP: 224/243 MP: 33/33
 68080 | Depths:2 | Reached skill level 27 in Axes
 68689 | Depths:2 | Noticed a juggernaut
 68689 | Depths:2 | Noticed a juggernaut
 68696 | Depths:2 | Killed a juggernaut
 68714 | Depths:2 | Killed a juggernaut
 69148 | Depths:2 | Got a jewelled plate armour
 69149 | Depths:2 | Identified the +12 plate armour of Vanity {rN+} (You found
                  | it on level 2 of the Depths)
 69175 | Depths:2 | Found a gateway to a ziggurat.
 69557 | Depths:2 | Noticed Nikola
 69568 | Depths:2 | Killed Nikola
 69687 | Depths:2 | Found a one-way gate leading to the halls of Pandemonium.
 70624 | Depths:3 | Reached XP level 26. HP: 168/257 MP: 33/33
 71514 | Depths:4 | Found a flickering gateway to a bazaar.
 71523 | Bazaar   | Entered a bazaar
 71587 | Bazaar   | Found Puudeofuu's Antique Weapon Shoppe.
 71590 | Bazaar   | Found Butif's Antique Weapon Emporium.
 71616 | Bazaar   | Found Teicomniaw's Antique Armour Shoppe.
 71627 | Bazaar   | Found Serexeu's Antique Armour Emporium.
 71652 | Bazaar   | Bought a runed cloak for 187 gold pieces
 71685 | Bazaar   | Bought a runed large shield for 232 gold pieces
 71699 | Bazaar   | Bought a glowing buckler for 232 gold pieces
 71721 | Bazaar   | Bought a glowing buckler for 232 gold pieces
 71760 | Bazaar   | Bought a crystal hand axe for 264 gold pieces
 71772 | Bazaar   | Identified the +5 hand axe "Vaph" {venom, rC- Dex+4 Stlth+}
                  | (You bought it in a shop in a bazaar)
 71884 | Depths:4 | Found a shattered altar of Ashenzari.
 72030 | Depths:4 | Found a transporter.
 72034 | Depths:4 | Found a corrupted altar of Lugonu.
 72431 | Depths:5 | Entered Level 5 of the Depths
 72585 | Depths:5 | Reached skill level 15 in Dodging
 73275 | Depths:5 | Reached XP level 27. HP: 268/268 MP: 33/33
 73371 | Depths:5 | Found a gate to the Realm of Zot.
 74099 | Depths:4 | Found a transporter.
 74192 | Depths:4 | Got a crude pewter ring
 74196 | Depths:4 | Identified the ring of Avagugisch {rN+ Str+6 Int+3} (You
                  | found it on level 4 of the Depths)
 74746 | Vaults:5 | Entered Level 5 of the Vaults
 75104 | Vaults:5 | Found Ziaxtad's Antique Armour Shoppe.
 75125 | Vaults:5 | Bought a transparent cloak for 418 gold pieces
 75126 | Vaults:5 | Identified the +1 cloak of Datiet {rElec Str+4 Dex-4} (You
                  | bought it in a shop on level 5 of the Vaults)
 75128 | Vaults:5 | Bought a faintly glowing chain mail for 418 gold pieces
 75129 | Vaults:5 | Identified the +8 chain mail "Esewo" {Regen+} (You bought
                  | it in a shop on level 5 of the Vaults)
 75324 | Vaults:5 | Gained mutation: Your flesh is cold resistant. (rC+) [a
                  | shining eye]
 75447 | Vaults:5 | Noticed an ancient lich
 75467 | Vaults:5 | Killed an ancient lich
 75533 | Vaults:5 | Found Ficwasei's Distillery.
 75533 | Vaults:5 | Found Qanecod's Food Shoppe.
 75552 | Vaults:5 | Found Woariada's Food Emporium.
 75552 | Vaults:5 | Found Uqoij's Magic Scroll Boutique.
 75572 | Vaults:5 | Found Judoekihe's Magic Scroll Shop.
 75589 | Vaults:5 | Found Otuf's Magic Scroll Boutique.
 75612 | Vaults:5 | Bought a scroll of blinking for 112 gold pieces
 75620 | Vaults:5 | Found Jacanoor's Magic Scroll Shoppe.
 75632 | Vaults:5 | Found Xaczix's Food Shop.
 76079 | Vaults:5 | Identified the Reference Book on the Glacial Mountains
 76223 | Vaults:5 | Noticed an ancient lich
 76229 | Vaults:5 | Killed an ancient lich
 76248 | Vaults:5 | Got a silver rune of Zot
 76558 | D:11     | Identified a +9 broad axe of distortion (a +9 broad axe of
                  | freezing corrupted by Lugonu)
 76558 | D:11     | Received a gift from Lugonu
 76786 | Vaults:5 | Bought 2 scrolls of enchant armour for 315 gold pieces
 76786 | Vaults:5 | Bought a scroll of enchant weapon for 157 gold pieces
 76786 | Vaults:5 | Bought a scroll of blinking for 157 gold pieces
 76803 | Vaults:5 | Bought a scroll of enchant armour for 112 gold pieces
 76803 | Vaults:5 | Bought a scroll of holy word for 112 gold pieces
 76803 | Vaults:5 | Bought a scroll of magic mapping for 52 gold pieces
 76803 | Vaults:5 | Bought a scroll of fear for 52 gold pieces
 76803 | Vaults:5 | Bought a scroll of fear for 52 gold pieces
 76816 | Vaults:5 | Bought a scroll of enchant weapon for 135 gold pieces
 76816 | Vaults:5 | Bought 2 scrolls of teleportation for 108 gold pieces
 76816 | Vaults:5 | Bought a scroll of summoning for 171 gold pieces
 76816 | Vaults:5 | Bought a scroll of teleportation for 54 gold pieces
 76817 | Vaults:5 | Bought a scroll of blinking for 135 gold pieces
 76832 | Vaults:5 | Bought a scroll of enchant weapon for 97 gold pieces
 76832 | Vaults:5 | Bought a scroll of holy word for 97 gold pieces
 76832 | Vaults:5 | Bought a scroll of teleportation for 39 gold pieces
 76832 | Vaults:5 | Bought a scroll of teleportation for 39 gold pieces
 76833 | Vaults:5 | Bought a scroll of fog for 26 gold pieces
 77180 | Zot:1    | Entered Level 1 of the Realm of Zot
 77677 | Zot:1    | Identified the +10 great mace of Dousk {crush, rC+ Int+3}
                  | (You found it on level 1 of the Realm of Zot)
 78141 | Zot:2    | You fall through a shaft!
 78282 | Zot:2    | Reached skill level 27 in Fighting
 78871 | Zot:3    | Noticed an orb of fire
 78872 | Zot:3    | Gained mutation: You do not regenerate when monsters are
                  | visible. [an orb of fire]
 78873 | Zot:3    | Gained mutation: Armour fits poorly on your strangely
                  | shaped body. [an orb of fire]
 78881 | Zot:3    | Gained mutation: You are frail. (-10% HP) [an orb of fire]
 78882 | Zot:3    | Killed an orb of fire
 78936 | Zot:3    | Lost mutation: You are frail. (-10% HP) [potion of
                  | mutation]
 78936 | Zot:3    | Lost mutation: Armour fits poorly on your strangely shaped
                  | body. [potion of mutation]
 78936 | Zot:3    | Lost mutation: You do not regenerate when monsters are
                  | visible. [potion of mutation]
 78936 | Zot:3    | Lost mutation: Your flesh is cold resistant. (rC+) [potion
                  | of mutation]
 78936 | Zot:3    | Gained mutation: You are partially covered in rugged brown
                  | scales. (AC +1, +3% HP) [potion of mutation]
 78936 | Zot:3    | Gained mutation: You are partially covered in yellow
                  | scales. (AC +2) [potion of mutation]
 79478 | Zot:3    | Noticed an orb of fire
 79482 | Zot:3    | Gained mutation: You are clumsy. (Dex -2) [an orb of fire]
 79693 | Zot:3    | Gained mutation: You have large cloven feet. [an orb of
                  | fire]
 79705 | Zot:3    | Gained mutation: You evolve. [an orb of fire]
 79712 | Zot:3    | Killed an orb of fire
 81181 | Zot:5    | Entered Level 5 of the Realm of Zot
 82500 | Zot:5    | Noticed an ancient lich
 82504 | Zot:5    | Noticed an orb of fire
 82509 | Zot:5    | Noticed an ancient lich
 82511 | Zot:5    | Noticed an ancient lich
 82511 | Zot:5    | Noticed an orb of fire
 82512 | Zot:5    | Noticed an orb of fire
 82731 | Abyss:1  | Gained mutation: You are very clumsy. (Dex -4) [a neqoxec]
 82756 | Abyss:1  | Found a corrupted altar of Lugonu.
 82804 | Abyss:1  | Found a corrupted altar of Lugonu.
 82878 | Abyss:1  | Found a corrupted altar of Lugonu.
 82941 | Abyss:1  | Lost mutation: You are partially covered in yellow scales.
                  | (AC +2) [potion of mutation]
 82941 | Abyss:1  | Lost mutation: You are partially covered in rugged brown
                  | scales. (AC +1, +3% HP) [potion of mutation]
 82941 | Abyss:1  | Lost mutation: You have large cloven feet. [potion of
                  | mutation]
 82941 | Abyss:1  | Gained mutation: You are surrounded by a mild repulsion
                  | field. (EV +2) [potion of mutation]
 82941 | Abyss:1  | Gained mutation: Your magical capacity is low. (-10% MP)
                  | [potion of mutation]
 82941 | Abyss:1  | Gained mutation: Scrolls take you a little longer to read.
                  | [potion of mutation]
 82941 | Abyss:1  | Gained mutation: You are partially covered in rugged brown
                  | scales. (AC +1, +3% HP) [potion of mutation]
 82942 | Abyss:1  | Lost mutation: Your magical capacity is low. (-10% MP)
                  | [potion of mutation]
 82942 | Abyss:1  | Lost mutation: You are partially covered in rugged brown
                  | scales. (AC +1, +3% HP) [potion of mutation]
 82942 | Abyss:1  | Lost mutation: You are surrounded by a mild repulsion
                  | field. (EV +2) [potion of mutation]
 82942 | Abyss:1  | Lost mutation: You are very clumsy. (Dex -4) [potion of
                  | mutation]
 82942 | Abyss:1  | Gained mutation: You are surrounded by a mild repulsion
                  | field. (EV +2) [potion of mutation]
 82942 | Abyss:1  | Gained mutation: You are robust. (+10% HP) [potion of
                  | mutation]
 82943 | Abyss:1  | Lost mutation: Scrolls take you a little longer to read.
                  | [potion of mutation]
 82943 | Abyss:1  | Lost mutation: You evolve. [potion of mutation]
 82943 | Abyss:1  | Gained mutation: You are covered in fur. (AC +1) [potion of
                  | mutation]
 83000 | Zot:5    | Escaped the Abyss
 83000 | Zot:5    | Noticed an ancient lich
 83001 | Zot:5    | Noticed an ancient lich
 83020 | Zot:5    | Killed an orb of fire
 83022 | Zot:5    | Gained mutation: Your magical capacity is low. (-10% MP)
                  | [an orb of fire]
 83025 | Zot:5    | Killed an orb of fire
 83032 | Zot:5    | Killed an ancient lich
 83049 | Zot:5    | Killed an ancient lich
 83055 | Zot:5    | Gained mutation: You are occasionally teleported next to
                  | monsters. [an orb of fire]
 83061 | Zot:5    | Killed an orb of fire
 83064 | Zot:5    | Noticed an ancient lich
 83068 | Zot:5    | Noticed an ancient lich
 83070 | Zot:5    | Killed an ancient lich
 83082 | Zot:5    | Killed an ancient lich
 83089 | Zot:5    | Killed an ancient lich
 83091 | Zot:5    | Killed an ancient lich
 83093 | Zot:5    | Noticed an ancient lich
 83107 | Zot:5    | Killed an ancient lich
 83115 | Zot:5    | Killed an ancient lich
 83115 | Zot:5    | Reached skill level 27 in Shields
 83135 | Zot:5    | Lost mutation: You are clumsy. (Dex -2) [potion of
                  | mutation]
 83135 | Zot:5    | Lost mutation: Your magical capacity is low. (-10% MP)
                  | [potion of mutation]
 83135 | Zot:5    | Lost mutation: You are occasionally teleported next to
                  | monsters. [potion of mutation]
 83135 | Zot:5    | Lost mutation: You are robust. (+10% HP) [potion of
                  | mutation]
 83135 | Zot:5    | Gained mutation: You are frail. (-10% HP) [potion of
                  | mutation]
 83135 | Zot:5    | Gained mutation: You are partially covered in thin metallic
                  | scales. (AC +2) [potion of mutation]
 83135 | Zot:5    | Gained mutation: Your mind is acute. (Int +2) [potion of
                  | mutation]
 83135 | Zot:5    | Gained mutation: Your spells are a little harder to cast,
                  | but a little more powerful. [potion of mutation]
 83192 | Zot:5    | Noticed an ancient lich
 83203 | Zot:5    | Killed an ancient lich
 83306 | Zot:5    | Noticed an ancient lich
 83316 | Zot:5    | Killed an ancient lich
 83676 | Zot:5    | Corrupted Zot:5
 83753 | Zot:5    | Got the Orb of Zot
 84267 | D:9      | Noticed a seraph
 84429 | D:6      | Noticed Qyashr Joru the pandemonium lord
 84486 | D:4      | Killed Qyashr Joru the pandemonium lord
 84659 | D:$      | Escaped with the Orb!

Skill      XL: |  1  2  3  4  5  6  7  8  9 10 11 12 13 14 15 16 17 18 19 20 21 22 23 24 25 26 27 |
---------------+----------------------------------------------------------------------------------+-----
Axes           | 3 4 6 8 10 11 14 15 17 18 19 20 21 22 23 24 25 26 27 | 27.0
Dodging        | 1 2 3 4 5 6 7 8 9 10 11 12 13 14 15 18 | 18.6
Fighting       | 4 5 6 7 8 9 10 12 13 15 16 17 18 19 20 21 23 24 25 27 | 27.0
Invocations    | 3 4 5 6 7 9 10 12 13 14 | 14.3
Armour         | 3 4 5 6 7 8 9 10 11 12 13 14 15 16 17 19 | 19.6
Evocations     | 1 2 3 4 5 6 |  6.3
Shields        | 2 6 9 11 13 15 16 17 19 27 | 27.0
Stealth        | 4 7 10 12 13 | 13.2

Action                   |  1- 3 |  4- 6 |  7- 9 | 10-12 | 13-15 | 16-18 | 19-21 | 22-24 | 25-27 || total
-------------------------+-------+-------+-------+-------+-------+-------+-------+-------+-------++-------
Melee: Hand axe          |   114 |   211 |       |       |       |       |       |       |       ||   325
       War axe           |       |    17 |   390 |       |       |       |       |       |       ||   407
       Battleaxe         |       |       |    47 |   571 |  1330 |   470 |       |   770 |   201 ||  3389
       Broad axe         |       |       |       |       |       |   720 |  1275 |   538 |  2163 ||  4696
Invok: Depart the Abyss  |     1 |       |       |       |       |       |       |       |       ||     1
       Banish            |       |       |       |       |       |       |       |       |     1 ||     1
       Corrupt           |       |       |       |       |       |       |       |       |     1 ||     1
       Enter the Abyss   |       |       |       |       |       |       |       |       |     1 ||     1
       Brand Weapon With |       |       |       |       |       |       |       |       |     1 ||     1
Evoke: Wand              |       |     5 |    17 |     8 |    28 |     8 |     2 |       |     7 ||    75
  Use: Scroll            |       |       |    11 |     9 |    14 |    21 |    10 |    22 |    26 ||   113
       Potion            |       |       |     1 |       |     4 |     1 |     4 |     5 |    24 ||    39
 Stab: Paralysed         |       |       |     5 |     3 |       |       |       |       |       ||     8
       Sleeping          |       |       |       |       |     2 |    10 |     5 |    26 |    11 ||    54
       Distracted        |       |       |       |       |     1 |     1 |       |     3 |     7 ||    12
  Eat: Chunk             |     2 |     6 |    10 |    16 |    19 |    24 |    18 |    16 |    19 ||   130
       Ration            |       |     1 |     3 |     3 |     9 |     4 |     6 |     6 |    12 ||    44
Armor: Ring mail         |    65 |    98 |       |       |       |       |       |       |       ||   163
       Scale mail        |       |    18 |   200 |   279 |   307 |       |       |       |       ||   804
       Chain mail        |       |       |       |       |    45 |       |       |       |       ||    45
       Plate armour      |       |       |       |       |     1 |       |       |       |       ||     1
       Shadow dragon sca |       |       |       |       |   132 |   433 |   393 |   124 |       ||  1082
       Storm dragon scal |       |       |       |       |       |       |       |   333 |   625 ||   958
       Skin              |       |       |       |       |       |       |       |       |     3 ||     3
Dodge: Dodged            |    63 |   122 |   227 |   323 |   707 |   459 |   453 |   632 |   773 ||  3759
Block: Shield            |       |       |       |       |       |   329 |   673 |   302 |   220 ||  1524
       Buckler           |       |       |       |       |       |       |    29 |       |       ||    29
       Large shield      |       |       |       |       |       |       |       |       |  1785 ||  1785
